 Dungeon Crawl Stone Soup version 0.30-b1-2-g02819fbbbe (webtiles) character file.

Game seed: 5431020896594133842

5694 funkygono the Cleaver (level 10, -7/90 HPs)
             Began as a Minotaur Fighter on May 25, 2023.
             Killed from afar by an electric eel (11 damage)
             ... with a bolt of electricity
             ... in a bailey.
             The game lasted 00:12:44 (7508 turns).

funkygono the Cleaver (Minotaur Fighter)            Turns: 7508, Time: 00:12:44

Health: -7/90      AC: 16    Str: 24    XL:     10   Next: 47%
Magic:  9/9        EV: 15    Int:  5    God:
Gold:   466        SH:  5    Dex: 11    Spells: 9/9 levels left

rFire   . . .        a - +0 war axe
rCold   . . .        c - +0 buckler
rNeg    . . .        y - +0 chain mail
rPois   .            D - +2 hat {Will+}
rElec   .            (no cloak)
rCorr   .            (no gloves)
SInv    +            f - +2 pair of boots
Will    +....        K - amulet of the acrobat Stlth
                     j - ring of see invisible
HPRegen 0.35/turn    m - +5 ring of evasion
MPRegen 0.11/turn

%: acrobat
@: very slow
A: horns 2, retaliatory headbutt
a: no special abilities


You were in a bailey.
You visited 1 branch of the dungeon, and saw 9 of its levels.
You also visited: Bailey.

You collected 490 gold pieces.
You spent 24 gold pieces at shops.

Inventory:

Hand Weapons
 a - a +0 war axe (weapon)
Missiles
 k - 2 silver boomerangs
 v - 6 boomerangs
 E - 32 stones
 F - a curare-tipped dart
 G - 21 poisoned darts (quivered)
 H - 2 javelins
Armour
 c - a +0 buckler (worn)
 f - a +2 pair of boots (worn)
 y - a +0 chain mail (worn)
 D - a +2 hat of willpower (worn)
Jewellery
 e - a ring of fire
 j - a ring of see invisible (left hand)
 l - a ring of wizardry
 m - a +5 ring of evasion (right hand)
 s - an amulet of faith
 x - a +5 ring of evasion
 K - an amulet of the acrobat (around neck)
Wands
 q - a wand of acid (5)
 C - a wand of flame (31)
Scrolls
 h - 2 scrolls of magic mapping
 i - 4 scrolls of teleportation
 o - 2 scrolls of fear
 u - a scroll of blinking
 B - a scroll of fog
Potions
 b - 2 potions of magic
 d - 2 potions of might
 g - a potion of flight
 n - 5 potions of curing
 p - 3 potions of heal wounds
 r - 2 potions of haste
 t - 2 potions of attraction {unknown}
 w - a potion of brilliance {unknown}
 z - a potion of resistance {unknown}
 I - a potion of mutation {unknown}


   Skills:
 + Level 8.4 Fighting
 + Level 11.9 Axes
 + Level 4.6 Throwing
 + Level 9.2 Armour
 + Level 3.9 Dodging
 + Level 1.5 Stealth
 + Level 6.6 Shields


You had 9 spell levels left.
You didn't know any spells.
Your spell library contained the following spells:

 Spells                   Type           Power      Damage    Failure   Level
 Blink                    Tloc           0%         N/A       99%         2
 Lesser Beckoning         Tloc           0%         N/A       99%         2
 Momentum Strike          Conj/Tloc      0%         3d8       99%         2


Dungeon Overview and Level Annotations

Branches:
Dungeon (9/15)             Temple (0/1) D:5          Bailey (1/1)
   Lair: D:8-11         Orc: D:9-12

Altars:
Elyvilon
Sif Muna
The Shining One

Shops:
D:2 [?:

Annotations:
D:7 3 runed translucent doors, Amon001's ghost, novice MeCA


Innate Abilities, Weirdness & Mutations

You have a pair of horns on your head.
You reflexively headbutt those who attack you in melee.


Message History

The electric eel shoots out a bolt of lightning at you!
The bolt of electricity hits the electric eel.
The electric eel completely resists.
The bolt of electricity misses you. The bolt of electricity hits you.
You hit the electric eel but do no damage.
The electric eel is severely wounded.
The electric eel shoots out a bolt of lightning at you!
The bolt of electricity hits you!
You barely miss the electric eel.
The electric eel is severely wounded.
The electric eel shoots out a bolt of lightning at you!
The bolt of electricity hits you!
You barely miss the electric eel.
The electric eel is severely wounded.
The electric eel shoots out a bolt of lightning at you!
The bolt of electricity hits you.
You closely miss the electric eel.
The electric eel is severely wounded.
The electric eel shoots out a bolt of lightning at you!
The bolt of electricity hits you.
You slash the electric eel!
You kill the electric eel!
The electric eel shoots out a bolt of lightning at you!
The bolt of electricity hits you! The bolt of electricity misses you.
You enter the shallow water.
Moving in this stuff is going to be slow.
You see here an electric eel corpse.
You miss the electric eel.
The electric eel shoots out a bolt of lightning at you!
The bolt of electricity hits you!
* * * LOW HITPOINT WARNING * * *
The bolt of electricity misses you.
The bolt of electricity hits the electric eel.
The electric eel completely resists.
Your unstable footing causes you to fumble your attack.
The electric eel shoots out a bolt of lightning at you!
The bolt of electricity hits you!
* * * LOW HITPOINT WARNING * * *
The bolt of electricity hits you!
You die...

#..#
#8.#.~≈≈≈≈≈≈≈
#.)#.~≈≈≈≈≈≈≈
#)##.~≈≈≈≈≈≈≈
#..#.~≈≈≈≈≈≈≈
#.)#.~≈≈≈≈≈≈≈
#).#.~≈≈≈≈≈≈≈
#).#.~≈≈≈≈≈≈≈
#..#.@S≈≈≈≈≈≈
##'#'#≈≈≈≈≈≈≈
#....#≈≈≈≈≈≈≈
#....#≈≈≈≈≈≈≈
#..###≈≈≈≈≈≈≈
.....+
≈≈≈≈≈≈≈
~~~####
≈≈≈≈≈≈≈ ≈≈≈≈
≈≈≈≈≈≈≈ ≈≈≈


You could see an electric eel.

Vanquished Creatures
  Gastronok (D:8)
  An orc high priest (Bailey)
  Maggie (D:8)
  Prince Ribbit (D:7)
  Menkaure (D:7)
  A water moccasin (D:5)
  2 swamp worms (D:8)
  5 orc warriors (Bailey)
  An ice beast (D:5)
  3 black bears
  An ogre (D:7)
  A sky beast (D:7)
  A centaur (D:7)
  2 phantoms
  3 kobold brigands
  3 bullfrogs
  3 scorpions
  10 wights
  2 electric eels (Bailey)
  2 jellies (D:6)
  A gnoll bouda (D:5)
  3 orc priests
  2 orc wizards
  5 iguanas
  10 gnolls
  13 adders
  3 white imps
  An ufetubus (D:4)
  A worm (D:3)
  3 dart slugs
  19 orcs
  12 endoplasms
  3 giant cockroaches
  18 goblins
  9 hobgoblins
  5 jackals
  26 kobolds
  6 quokkas
  6 ball pythons
  A bat (D:2)
  3 frilled lizards
  7 rats
202 creatures vanquished.

Vanquished Creatures (others)
  A fungus (D:1)
  7 plants
8 creatures vanquished.

Grand Total: 210 creatures vanquished

Notes
Turn   | Place    | Note
-------+----------+-------------------------------------------
     0 | D:1      | funkygono the Minotaur Fighter began the quest for the Orb.
     0 | D:1      | Reached XP level 1. HP: 19/19 MP: 0/0
    86 | D:1      | Found a faded altar of an unknown god.
   272 | D:1      | Reached XP level 2. HP: 22/27 MP: 1/1
   542 | D:1      | Reached XP level 3. HP: 31/33 MP: 2/2
   914 | D:2      | Found Bagh's Antique Armour Emporium.
   989 | D:2      | Reached skill level 3 in Axes
  1042 | D:2      | Found Qycuduq's Magic Scroll Emporium.
  1045 | D:2      | Reached XP level 4. HP: 41/41 MP: 3/3
  1051 | D:2      | Bought a scroll of identify for 24 gold pieces
  1075 | D:2      | Found Iwoxkam's Book Boutique.
  1476 | D:3      | Reached skill level 1 in Dodging
  1846 | D:3      | Found a glowing golden altar of the Shining One.
  2126 | D:4      | Reached XP level 5. HP: 29/47 MP: 4/4
  2285 | D:4      | Reached skill level 4 in Axes
  2333 | D:4      | Found a shimmering blue altar of Sif Muna.
  2662 | D:5      | Entered Level 5 of the Dungeon
  2689 | D:5      | Found a staircase to the Ecumenical Temple.
  2730 | D:5      | Reached skill level 5 in Fighting
  2730 | D:5      | Reached skill level 1 in Throwing
  2730 | D:5      | Reached XP level 6. HP: 56/56 MP: 5/5
  2739 | D:5      | Noticed an ice beast
  2747 | D:5      | Killed an ice beast
  2748 | D:5      | Reached skill level 5 in Axes
  2748 | D:5      | Reached skill level 5 in Armour
  2748 | D:5      | Reached skill level 1 in Stealth
  2758 | D:5      | Noticed a water moccasin
  2766 | D:5      | Killed a water moccasin
  2769 | D:5      | Reached XP level 7. HP: 45/61 MP: 6/6
  3170 | D:5      | Reached skill level 6 in Axes
  3803 | D:6      | Reached skill level 7 in Axes
  3871 | D:6      | Reached skill level 5 in Shields
  3873 | D:6      | Reached XP level 8. HP: 29/69 MP: 7/7
  4147 | D:6      | Found a white marble altar of Elyvilon.
  4396 | D:7      | Reached skill level 8 in Axes
  4462 | D:7      | Noticed Menkaure
  4466 | D:7      | Killed Menkaure
  4562 | D:7      | Reached skill level 9 in Axes
  4682 | D:7      | Noticed Prince Ribbit
  4728 | D:7      | Killed Prince Ribbit
  4729 | D:7      | Reached XP level 9. HP: 59/78 MP: 8/8
  5156 | D:7      | Found a runed translucent gate.
  5273 | D:7      | Found a runed translucent gate.
  5273 | D:7      | Identified the +0 plate armour "Metent" {Harm}
  5273 | D:7      | Noticed Amon001's ghost (novice MeCA)
  5274 | D:7      | Found a runed translucent gate.
  5642 | D:8      | Noticed Maggie
  5661 | D:8      | Killed Maggie
  5662 | D:8      | Reached skill level 10 in Axes
  5675 | D:8      | Identified the +1 leather armour of Bufrov {*Corrode rC++
                  | Slay+2}
  6463 | D:8      | Identified the +1 ring mail of the Fife {Drain rF+ Will+}
  6552 | D:8      | Noticed Gastronok
  6575 | D:8      | Killed Gastronok
  6576 | D:8      | Reached skill level 11 in Axes
  6576 | D:8      | Reached XP level 10. HP: 9/88 MP: 9/9
  7013 | D:9      | Found a flagged portal.
  7036 | Bailey   | Entered a bailey
  7215 | Bailey   | Noticed an orc high priest
  7226 | Bailey   | Killed an orc high priest
  7508 | Bailey   | HP: 4/90 [electric eel/bolt of electricity (10)]
  7508 | Bailey   | Killed from afar by an electric eel

Illustrated notes

Levels and vault maps discovered:
D:1:      dpeg_arrival_signposts, layout_rooms,
          shapermc_ecumenical_altar_ellora, chequers_arboretum
D:2:      layout_basic, serial_shops, shop, nicolae_shop_peninsula,
          nicolae_book_shop_shelving, kennysheep_generic_room_3
D:3:      layout_loops_ring, mainiacjoe_overflow_brackets,
          corexii_hall_statues_deadend
D:4:      layout_rooms, nicolae_overflow_crystal_walls
D:5:      layout_layer_cave, temple_fountains, chequers_serial_rivers_room_b
D:6:      layout_basic, lemuel_round_altar, nicolae_half_adder
D:7:      layout_loops_ring, biasface_ghost_orc_armoury, uniq_prince_ribbit1,
          uniq_menkaure
D:8:      layout_basic, serial_curves, eino_curves_01, eino_curves_04,
          worms_lemuel, uniq_maggie, uniq_gastronok
D:9:      layout_roguey, nicolae_wu_jian_wuxing_cycle, orc_0_dummy,
          serial_shops, nicolae_lakefront_shop, shop, enter_bailey_2,
          roderic_batcave
Bailey:   bailey_axe_of_yendor_kennysheep, bailey

Skill      XL: |  1  2  3  4  5  6  7  8  9 10 |
---------------+-------------------------------+-----
Armour         | 4 5 6 8 9 |  9.2
Fighting       | 4 5 6 8 |  8.4
Axes           | 3 4 5 7 9 11 | 11.9
Dodging        | 1 2 3 |  3.9
Shields        | 4 5 6 |  6.6
Throwing       | 1 2 4 |  4.6
Stealth        | 1 |  1.5

Action                     |  1- 3 |  4- 6 |  7- 9 | 10-12 || total
---------------------------+-------+-------+-------+-------++-------
  Melee: War axe           |    78 |    94 |   244 |    74 ||   490
         Headbutt          |     6 |    13 |    41 |    11 ||    71
  Throw: Stone             |    11 |     3 |     4 |       ||    18
         Boomerang         |       |    13 |    12 |       ||    25
         Dart              |       |       |    35 |     1 ||    36
    Use: Scroll            |       |     3 |    11 |     1 ||    15
 Armour: Scale mail        |    33 |    26 |     1 |       ||    60
         Chain mail        |       |       |    77 |     9 ||    86
  Dodge: Dodged            |    44 |    64 |   186 |    38 ||   332
  Block: Buckler           |    20 |    24 |    79 |    14 ||   137
